 Dungeon Crawl Stone Soup version 0.29.1-2-gbd0b4ee654 (webtiles) character file.

Game seed: 5460230196546591687

4018 kyanize the Cruncher (level 10, -23/88 HPs)
             Began as a Minotaur Fighter on Nov 12, 2022.
             Was a Priest of Dithmenos.
             Annihilated by a two-headed ogre
             ... wielding a +0 giant club
              (32 damage)
             ... on level 8 of the Dungeon.
             The game lasted 00:33:13 (7808 turns).

kyanize the Cruncher (Minotaur Fighter)             Turns: 7808, Time: 00:33:14

Health: -23/88     AC: 16    Str: 31    XL:     10   Next: 3%
Magic:  9/9        EV: 10    Int:  5    God:    Dithmenos [***...]
Gold:   334        SH:  0    Dex: 10    Spells: 9/9 levels left

rFire   . . .      SeeInvis .   g - +4 quarterstaff (vorpal)
rCold   . . .      Faith    .   (shield currently unavailable)
rNeg    . . .      Spirit   .   k - +0 chain mail
rPois   .          Reflect  .   (helmet restricted)
rElec   .          Harm     .   h - +0 cloak
rCorr   .          Rampage  .   i - +0 pair of gloves
Will    .....                   a - +0 pair of boots
Stlth   ..........              (no amulet)
HPRegen 0.24/turn               j - +6 ring of strength
MPRegen 0.11/turn               (no ring)

@: wreathed by umbra
A: horns 2, retaliatory headbutt
a: Renounce Religion, Shadow Step


You were on level 8 of the Dungeon.
You worshipped Dithmenos.
Dithmenos was most pleased with you.
You visited 2 branches of the dungeon, and saw 9 of its levels.

You collected 334 gold pieces.

Inventory:

Hand Weapons
 g - a +4 vorpal quarterstaff (weapon)
 q - a +1 vorpal war axe
 u - the +3 falchion of Regicide {elec, Int+5}
   (You found it on level 5 of the Dungeon)

   It occasionally discharges a powerful burst of electricity upon striking a
   foe.
   Int:       It affects your intelligence (+5).
 w - a +2 dagger of venom
 y - a +2 whip of freezing
 z - a +2 scimitar
 A - a +1 long sword
 B - a +4 halberd
 D - a +3 morningstar
 F - a +4 scimitar of freezing
 G - a +3 halberd
Missiles
 b - 14 poisoned darts
 e - 76 stones
 r - 2 atropa-tipped darts
 t - 5 curare-tipped darts
Armour
 a - a +0 pair of boots (worn)
 c - a +0 buckler
 h - a +0 cloak (worn)
 i - a +0 pair of gloves (worn)
 k - a +0 chain mail (worn)
 C - +0 steam dragon scales
Jewellery
 j - a +6 ring of strength (left hand)
Wands
 o - a wand of quicksilver (13)
Scrolls
 n - 2 scrolls of immolation
 p - 2 scrolls of vulnerability
 s - 3 scrolls of identify
 E - a scroll of noise
Potions
 d - a potion of might (quivered)
 l - 2 potions of curing
 m - 3 potions of degeneration
 v - 2 potions of haste
 x - 2 potions of lignification


   Skills:
 + Level 7.7 Fighting
 + Level 4.0 Axes
 + Level 11.3 Staves
 + Level 10.3 Armour
 + Level 2.7 Dodging
 + Level 0.8 Stealth
 + Level 4.5 Shields


You had 9 spell levels left.
You didn't know any spells.
Your spell library contained the following spells:

 Spells                   Type           Power      Damage    Failure   Level
 Shock                    Conj/Air       0%         1d3       89%         1
 Ensorcelled Hibernation  Hex/Ice        0%         N/A       96%         2
 Passwall                 Tmut/Erth      0%         N/A       96%         2
 Ozocubu's Armour         Ice            0%         N/A       99%         3
 Portal Projectile        Hex/Tloc       0%         N/A       99%         3
 Swiftness                Air            0%         N/A       99%         3
 Tukima's Dance           Hex            0%         N/A       99%         3
 Airstrike                Air            0%         2d(0-16)  100%        4
 Summon Lightning Spire   Summ/Air       0%         N/A       100%        4
 Blade Hands              Tmut           0%         N/A       100%        5
 Freezing Cloud           Conj/Ice/Air   0%         6-21      100%        5
 Lightning Bolt           Conj/Air       0%         1d11      100%        5
 Metabolic Englaciation   Hex/Ice        0%         N/A       100%        5
 Simulacrum               Ice/Necr       0%         N/A       100%        6
 Ozocubu's Refrigeration  Ice            0%         4d7       100%        7
 Polar Vortex             Ice            0%         N/A       100%        9


Dungeon Overview and Level Annotations

Branches:
Dungeon (8/15)             Temple (1/1) D:6
   Lair: D:8-11

Altars:
Cheibriados
Dithmenos
Elyvilon
Fedhas
Gozag
Hepliaklqana
Makhleb
Nemelex Xobeh
Okawaru
Qazlal
Ru
Sif Muna
Trog
Uskayaw
Vehumet
Yredelemnul
Zin
The Shining One

Shops:
D:5 [   D:6 *


Innate Abilities, Weirdness & Mutations

You have a pair of horns on your head.
You reflexively headbutt those who attack you in melee.


Message History

* * * LOW HITPOINT WARNING * * *
Okay, then.
You hit the moth of wrath. Your headbutt misses the moth of wrath.
The moth of wrath is heavily wounded.
The kobold demonologist looks braver for a moment.
The ice beast hits you but does no damage.
The moth of wrath goads the ice beast on!
The ice beast goes berserk!
You sock the moth of wrath! You headbutt the moth of wrath.
The moth of wrath is severely wounded.
The ice beast barely misses you.
The moth of wrath bites you but does no damage.
You bludgeon the moth of wrath!!
You kill the moth of wrath!
Dithmenos accepts your kill. The ice beast closely misses you.
You have reached level 10!
You closely miss the ice beast.
Your surroundings suddenly seem different.
Found a potion of lignification and a potion of attraction.
A two-headed ogre comes into view. It is wielding two +0 giant clubs.
Found a scroll of identify.
The two-headed ogre shouts in stereo!
A steam dragon comes into view.
You see here a potion of lignification.
x - 2 potions of lignification (gained 1)
The steam dragon hisses angrily.
You sock the two-headed ogre!
You headbutt the two-headed ogre, but do no damage.
The two-headed ogre is moderately wounded.
The two-headed ogre hits you with a +0 giant club.
* * * LOW HITPOINT WARNING * * *
The two-headed ogre hits you with a +0 giant club!
* * * LOW HITPOINT WARNING * * *
You sock the two-headed ogre! You headbutt the two-headed ogre.
The two-headed ogre is severely wounded.
You sock the two-headed ogre!
The two-headed ogre is almost dead.
The two-headed ogre hits you with a +0 giant club!!
You die...

.....##.#)[..#
.!.#..#
......#......#
#.....#
[#....#.#....#
#...O.#
.#..#...#..).# #.#
.#.##..##....# #.#
.#.#..##...).# ##D#
.....##.....)# #..#
#.....###....####O##
###...#.##......@.#
##..#.##.##...#####
#..##..#..##..# ...#
.##..#..# ..##
..#..#..# ..#
.#.....# ..#
##..#.## CY##
#...#.# ##### #..#
#..##.# #...##


You could see a two-headed ogre and a steam dragon.

Vanquished Creatures
  Pikel (D:7)
  An ugly thing (D:8)
  A moth of wrath (shapeshifter) (D:8)
  A steam dragon (D:7)
  A water moccasin (D:6)
  An ice beast (D:6)
  A sky beast (D:6)
  3 black bears
  A centaur (D:6)
  2 scorpions
  22 wights
  3 howler monkeys
  3 hounds
  3 jellies
  Crazy Yiuf (D:2)
  3 orc priests
  Jessica (D:2)
  4 iguanas
  2 orc wizards
  8 adders
  A shadow imp (D:6)
  2 white imps
  2 ufetubi
  A worm (D:2)
  3 dart slugs
  24 orcs
  4 ball pythons
  6 bats
  6 endoplasms
  4 giant cockroaches
  5 goblins
  4 hobgoblins
  2 jackals (D:4)
  2 quokkas
  4 frilled lizards
  6 kobolds
  2 rats
141 creatures vanquished.

Vanquished Creatures (others)
  2 plants (D:6)
2 creatures vanquished.

Grand Total: 143 creatures vanquished

Notes
Turn   | Place    | Note
-------+----------+-------------------------------------------
     0 | D:1      | kyanize the Minotaur Fighter began the quest for the Orb.
     0 | D:1      | Reached XP level 1. HP: 19/19 MP: 0/0
    18 | D:1      | You fall into a shaft and drop 1 floor!
   219 | D:2      | Reached XP level 2. HP: 20/27 MP: 1/1
   414 | D:2      | Noticed Jessica
   419 | D:2      | Killed Jessica
   420 | D:2      | Reached XP level 3. HP: 25/33 MP: 2/2
   588 | D:2      | Reached XP level 4. HP: 41/41 MP: 3/3
   853 | D:2      | Found a runed translucent door.
   854 | D:2      | Noticed Crazy Yiuf
   862 | D:2      | Killed Crazy Yiuf
  1438 | D:2      | Reached XP level 5. HP: 47/47 MP: 4/4
  1779 | D:3      | Reached skill level 1 in Dodging
  1866 | D:3      | Found a faded altar of an unknown god.
  1884 | D:3      | Prayed at the altar of an unknown god.
  1884 | D:3      | Became a worshipper of Dithmenos the Shadowed
  1884 | D:3      | Reached * piety under Dithmenos
  2377 | D:3      | Reached skill level 1 in Staves
  2471 | D:4      | Reached skill level 2 in Staves
  2755 | D:4      | Reached skill level 3 in Staves
  2755 | D:4      | Reached XP level 6. HP: 52/53 MP: 5/5
  2809 | D:4      | Reached ** piety under Dithmenos
  2810 | D:4      | Reached skill level 4 in Staves
  2810 | D:4      | Reached skill level 5 in Armour
  3059 | D:5      | Entered Level 5 of the Dungeon
  3167 | D:5      | Found Rousum's Armour Emporium.
  3187 | D:5      | Identified the +3 falchion of Regicide {elec, Int+5}
  3211 | D:5      | Reached skill level 5 in Staves
  3218 | D:5      | Reached skill level 5 in Fighting
  3218 | D:5      | Reached XP level 7. HP: 58/61 MP: 6/6
  3962 | D:6      | Reached skill level 6 in Staves
  3969 | D:6      | Reached skill level 7 in Staves
  4009 | D:6      | Found a staircase to the Ecumenical Temple.
  4079 | D:6      | Reached XP level 8. HP: 66/70 MP: 7/7
  4102 | D:6      | Reached skill level 8 in Staves
  4427 | D:6      | Found Kiysma's General Store.
  4673 | D:6      | Reached skill level 9 in Staves
  5052 | D:6      | Found a radiant altar of Vehumet.
  5134 | D:6      | Found a sacrificial altar of Ru.
  5280 | Temple   | Entered the Ecumenical Temple
  5703 | D:7      | Reached XP level 9. HP: 78/78 MP: 8/8
  5719 | D:7      | Reached skill level 10 in Staves
  6694 | D:7      | Noticed Pikel
  6708 | D:7      | Killed Pikel
  6969 | D:7      | Found a stormy altar of Qazlal.
  6969 | D:7      | Found a hide-covered altar of Uskayaw.
  7243 | D:8      | HP: 3/72 [wight/+3 halberd (3)]
  7247 | D:8      | Found a bloodstained altar of Trog.
  7687 | D:8      | Reached *** piety under Dithmenos
  7775 | D:8      | Noticed a death drake
  7775 | D:8      | Noticed a white ugly thing
  7776 | D:8      | Noticed a cyclops
  7777 | D:8      | Noticed a five-headed hydra
  7777 | D:8      | Noticed a cyclops
  7783 | D:8      | Noticed a kobold demonologist
  7788 | D:8      | Noticed a moth of wrath
  7788 | D:8      | a death drake changed into a moth of wrath
  7791 | D:8      | Killed a white ugly thing
  7792 | D:8      | Reached skill level 11 in Staves
  7792 | D:8      | Reached skill level 10 in Armour
  7795 | D:8      | Killed a moth of wrath
  7796 | D:8      | Reached XP level 10. HP: 16/88 MP: 9/9
  7798 | D:8      | Noticed a two-headed ogre
  7808 | D:8      | Annihilated by a two-headed ogre

Illustrated notes

Levels and vault maps discovered:
D:1:      minmay_arrival_hallway, layout_basic, serial_shops, shop
D:2:      minmay_razor_zed, layout_loops_ring, uniq_crazy_yiuf_cottage,
          uniq_jessica
D:3:      layout_basic, serial_curves, eino_curves_04, eino_curves_01,
          hellmonk_ecumenical_altar_blasted
D:4:      layout_loops_ring, chequers_garden, kennysheep_another_room
D:5:      layout_basic, serial_shops, nicolae_stop_n_shop_1
D:6:      layout_rooms, mainiacjoe_overflow_small_starburst,
          nicolae_ru_the_path_less_chosen, minmay_temple_entry_mini_moons,
          serial_shops, shop_fountains, corexii_item_surrounded_by_moat,
          grunt_decor_mini_mirrors
D:7:      layout_loops_ring, mainiacjoe_overflow_divided_tiny, uniq_pikel
D:8:      minmay_the_grid_octo_triangle [minmay_the_grid_octo_odd_swirl,
          minmay_the_grid_octo_prize_square_snowflake,
          minmay_the_grid_octo_tetromino_candy], layout_gridville,
          lemuel_doored_altar, mainiacjoe_overflow_boulevard,
          hangedman_decor_riveting
Temple:   minmay_temple_forest_path

Skill      XL: |  1  2  3  4  5  6  7  8  9 |
---------------+----------------------------+-----
Armour         | 4 5 6 7 10 | 10.3
Fighting       | 4 5 6 7 |  7.7
Axes           | 3 4 |  4.0
Shields        | 4 |  4.5
Dodging        | 1 2 |  2.7
Staves         | 3 5 7 9 11 | 11.3
Stealth        | |  0.8

Action                   |  1- 3 |  4- 6 |  7- 9 | 10-12 || total
-------------------------+-------+-------+-------+-------++-------
Melee: War axe           |    38 |    31 |       |       ||    69
       Headbutt          |     4 |    24 |    26 |     2 ||    56
       Quarterstaff      |       |   109 |   169 |     4 ||   282
  Use: Scroll            |     2 |     4 |     6 |       ||    12
       Potion            |     1 |     2 |     6 |       ||     9
Armor: Scale mail        |    24 |    22 |       |       ||    46
       Chain mail        |       |    52 |   102 |       ||   154
Dodge: Dodged            |    11 |    56 |   108 |       ||   175
Block: Buckler           |     6 |     2 |       |       ||     8
